 Dungeon Crawl Stone Soup version 0.32-a0-468-g38b2580584 (webtiles) character file.

Game seed: 7998034740400730394

15510 ezpacito the Trooper (level 12, -9/92 HPs)
             Began as a Demonspawn Chaos Knight on Feb 24, 2024.
             Was a Plaything of Xom.
             Mangled by a titanic slime creature (46 damage)
             ... on level 12 of the Dungeon.
             The game lasted 00:19:34 (10037 turns).

ezpacito the Trooper (Demonspawn Chaos Knight)     Turns: 10037, Time: 00:19:35

Health: -9/92      AC: 23    Str: 27    XL:     12   Next: 1%
Magic:  12/21      EV:  9    Int: 11    God:    Xom [....*.]
Gold:   889        SH:  5    Dex:  9    Spells: 3/23 levels left

rFire   . . .        a - +0 hand axe (chaos)
rCold   + . .        L - +2 buckler {AC+3}
rNeg    . . .        M - +0 plate armour {rPois}
rPois   +            k - +1 helmet of Erusoalea {rCorr Str+4 Dex-4}
rElec   +            t - scarf {shadows}
rCorr   +            b - +2 pair of gloves
SInv    +            i - +0 pair of boots
Will    +....        p - amulet of Suspicion {rPois Regen+} Stlth
                     s - ring of Jenisa {rC+ rCorr}
HPRegen 1.15/turn    c - ring of Lusegof {rElec rPois Will+ SInv}
MPRegen 0.17/turn

%: no passive effects
@: slowed, very slow
A: demonic guardian 1, foul stench 2, sturdy frame 1, demonic touch 2, strong 2,
inability to drink after injury 1, MP-powered wands
a: Renounce Religion


You were on level 12 of the Dungeon.
You worshipped Xom.
You were a beloved toy of Xom.
You visited 2 branches of the dungeon, and saw 13 of its levels.
You also visited: Sewer.

You collected 889 gold pieces.

Inventory:

Hand Weapons
 a - a +0 hand axe of chaos (weapon)
 r - a +1 broad axe of flaming
 F - a +0 battleaxe
Missiles
 l - 13 boomerangs (quivered)
 y - a curare-tipped dart
 z - 38 poisoned darts
 J - 2 silver javelins
 P - 4 javelins
 W - 4 throwing nets
Armour
 b - a +2 pair of gloves (worn)
 i - a +0 pair of boots (worn)
 k - the +1 helmet of Erusoalea (worn) {rCorr Str+4 Dex-4}
   (You took it off Robin on level 3 of the Dungeon)

   Str+4:     It affects your strength (+4).
   Dex-4:     It affects your dexterity (-4).
   rCorr:     It protects you from acid and corrosion.
 t - a scarf of shadows (worn)
 L - a +2 buckler of protection (worn)
 M - a +0 plate armour of poison resistance (worn)
Jewellery
 c - the ring of Lusegof (right hand) {rElec rPois Will+ SInv}
   (You found it on level 7 of the Dungeon)

   [ring of see invisible]

   rElec:     It insulates you from electricity.
   rPois:     It protects you from poison Will+: It increases your willpower.
   SInv:      It lets you see invisible.
 p - the amulet of Suspicion (around neck) {rPois Regen+}
   (You found it on level 2 of the Dungeon)

   [amulet of regeneration]

   rPois:     It protects you from poison Regen+: It increases your rate of
   health regeneration.
 s - the ring of Jenisa (left hand) {rC+ rCorr}
   (Xom gifted it to you on level 2 of the Dungeon)

   [ring of protection from cold]

   rC+:       It protects you from cold.
   rCorr:     It protects you from acid and corrosion.
 T - a ring of flight
Wands
 d - a wand of polymorph (2)
 j - a wand of iceblast (2)
 H - a wand of charming (6)
 I - a wand of digging (5)
 R - a wand of flame (8)
Scrolls
 e - a scroll of fear
 f - 2 scrolls of fog
 m - 6 scrolls of teleportation
 n - 2 scrolls of silence
 o - 4 scrolls of torment
 q - a scroll of blinking
 u - 3 scrolls of immolation
 v - a scroll of summoning
 C - a scroll of poison
Potions
 h - 2 potions of enlightenment
 w - 2 potions of lignification
 E - 2 potions of resistance
 G - a potion of cancellation
 N - a potion of brilliance
 O - a potion of might {unknown}
 S - a potion of invisibility {unknown}
 U - 2 potions of heal wounds {unknown}
 V - 2 potions of magic {unknown}


   Skills:
 * Level 7.8 Fighting
 * Level 7.2(7.7) Axes
 + Level 4.2(6.2) Polearms
 + Level 2.2 Throwing
 * Level 6.8 Armour
 * Level 6.7 Dodging
 + Level 4.7 Stealth
 + Level 4.3 Unarmed Combat
 * Level 6.4 Spellcasting
 + Level 2.8 Conjurations
 + Level 2.9 Hexes
 * Level 4.6 Necromancy
 + Level 0.0 Fire Magic
 + Level 0.0 Ice Magic
 + Level 0.0 Air Magic
 + Level 2.6 Alchemy
 + Level 5.1 Evocations


You had 3 spell levels left.
You knew the following spells:

 Your Spells              Type           Power      Damage    Failure   Level
a - Cigotuvi's Dreadful   Necr/Alch/Air  16%        N/A       63%         2
b - Ignite Poison         Fire/Alch      6%         N/A       100%        4
c - Freezing Cloud        Conj/Ice/Air   2%         6-21      100%        5
d - Ensorcelled Hibernat  Hex/Ice        12%        N/A       75%         2
e - Fugue of the Fallen   Necr           13%        N/A       54%         3
f - Anguish               Hex/Necr       5%         N/A       97%         4

Your spell library contained the following spells:

 Spells                   Type           Power      Damage    Failure   Level
 Sting                    Conj/Alch      36%        1d5       43%         1
 Mercury Vapours          Alch/Air       12%        N/A       77%         2
 Volatile Blastmotes      Fire/Tloc      6%         2d10      99%         3
 Fulminant Prism          Conj/Alch      4%         3d5       99%         4
 Olgreb's Toxic Radiance  Alch           9%         N/A       99%         4
 Iskenderun's Mystic Bla  Conj/Tloc      6%         2d4       100%        4
 Ozocubu's Refrigeration  Ice            1%         4d7       100%        7
 Discord                  Hex            4%         N/A       100%        8


Dungeon Overview and Level Annotations

Branches:
Dungeon (12/15)            Temple (1/1) D:7            Lair (0/5) D:8
    Orc (0/2) D:11          Sewer (visited)

Altars:
Ashenzari
Cheibriados
Dithmenos
Fedhas
Gozag
Hepliaklqana
Kikubaaqudgha
Makhleb
Nemelex Xobeh
Okawaru
Qazlal
Ru
Sif Muna
Trog
Uskayaw
Vehumet
Wu Jian
Xom
Yredelemnul


Innate Abilities, Weirdness & Mutations

A weak demonic guardian rushes to your aid.
You sometimes emit foul miasma when damaged in melee.
Your movements are slightly less encumbered by armour. (ER -2)
Your touch may inflict irresistible damage on your foes.
Your muscles are very strong. (Str +8, Int/Dex -2)
You occasionally lose the ability to drink potions when taking damage.
You expend magic power (3 MP) to strengthen your wands.


Message History

The wraith hits you but does no damage. The white ugly thing bites you.
The white ugly thing freezes you! You resist.
A demonic guardian appears!
Your +0 trident hits the very large slime creature from afar.
You hit the very large slime creature.
The very large slime creature is severely wounded.
You completely miss the wraith. You closely miss the white ugly thing.
The wraith hits you. The wraith drains your vigour!
You feel yourself slow down.
Your +0 trident hits the very large slime creature from afar!
The white ugly thing closely misses you.
You block the wraith's attack.
Two slime creatures merge to form a titanic slime creature.
Your +0 trident hits the titanic slime creature from afar!
Unknown command.
Aiming: Polymorph
Press: ? - help, Shift-Dir - straight line, f - titanic slime creature
Aim: a titanic slime creature (heavily wounded, poisoned, ally target, will probably split, will become an anaconda, a goliath frog, or a water nymph, chance to affect: 50%)
You feel a surge of power!
The titanic slime creature resists with some effort.
Your +0 trident hits the titanic slime creature from afar!
You block the wraith's attack. Something punches your iron imp.
Your iron imp is splashed with acid.
The acid corrodes your iron imp! The white ugly thing bites you!
The white ugly thing freezes you! You resist.
Your iron imp barely misses the white ugly thing.
Your +0 trident barely misses the titanic slime creature.
Something punches your iron imp.
Your iron imp is splashed with acid.
Your iron imp seems to be corroded for longer.
The wraith barely misses you.
The white ugly thing bites you but does no damage.
Aiming: Polymorph
Press: ? - help, Shift-Dir - straight line, f/p - titanic slime creature
Aim: a titanic slime creature (heavily wounded, poisoned, ally target, will probably split, will become an anaconda, a goliath frog, or a water nymph, chance to affect: 50%)
You feel a surge of power!
The titanic slime creature resists with some effort.
Your +0 trident hits the titanic slime creature from afar!
The wraith hits you.
You emit a cloud of foul miasma!
Your +0 trident hits the titanic slime creature from afar!
The titanic slime creature hits you!!!
Ouch! That really hurt!
You die...

# .. . #. .##
###'####5####+
.....J.u.....
.?..yW@##..#
########
######(.#.#
#......#
##...##
#......#
###..#
#......#
##.####......#
#....#......#
####........#
###.....[##
#.......#


You could see a white ugly thing, a titanic slime creature (poisoned, ally
target), a hornet, a wraith (fast), a friendly iron imp (summoned, corroded) and
a friendly +0 trident.

Vanquished Creatures
  Erolcha (D:9)
  Urug (D:10)
  An ugly thing (D:7)
  A cyclops (D:7)
  A manticore (D:12)
  An elephant (D:8)
  A gargoyle (D:7)
  Jeremiah (D:9)
  2 unseen horrors
  Psyche (D:8)
  A kobold demonologist (D:5)
  A komodo dragon (D:7)
  2 trolls
  A hornet (D:7)
  Sigmund (D:3)
  2 shadows (D:11)
  A wraith (D:9)
  3 wyverns
  A shapeshifter (D:10)
  5 yaks
  2 steam dragons
  An acid dragon (D:7)
  Pargi (Sewer)
  2 sky beasts
  An ice beast (D:6)
  3 orc warriors
  6 black bears
  3 ogres
  8 centaurs
  A lemure (D:9)
  3 bullfrogs (D:8)
  3 kobold brigands
  A gnoll sergeant (D:9)
  5 wights
  13 killer bees
  6 howler monkeys
  An electric eel (D:7)
  4 crimson imps (D:8)
  7 jellies
  4 bombardier beetles
  7 orc priests
  6 hounds
  Ijyb (D:3)
  A sleepcap (D:6)
  4 iguanas
  10 orc wizards
  Robin (D:3)
  8 gnolls
  13 adders
  2 shadow imps
  3 white imps
  2 ufetubi (D:6)
  4 dart slugs
  27 orcs
  7 ball pythons
  7 endoplasms
  12 giant cockroaches
  15 goblins
  7 hobgoblins
  A hobgoblin (shapeshifter) (D:3)
  4 jackals (D:1)
  8 quokkas
  12 bats
  4 frilled lizards
  22 kobolds
  3 rats
295 creatures vanquished.

Vanquished Creatures (collateral kills)
  Lodul (D:12)
  An ugly thing (D:11)
  A cyclops (D:7)
  A gargoyle (D:11)
  A troll (D:7)
  A wraith (D:7)
  2 yaks (D:10)
  5 ogres (D:12)
  A black bear (D:7)
  A wight (D:8)
  4 killer bees
  An orc priest (D:10)
  2 orcs
  2 bats (D:4)
  An endoplasm (D:1)
  A giant cockroach (D:3)
  2 ball pythons (D:1)
  A kobold (D:3)
29 creatures vanquished.

Vanquished Creatures (others)
  A dancing weapon (D:12)
  A human (D:6)
  A lemure (D:9)
  A bullfrog (D:7)
  A killer bee (D:11)
  An iguana (D:7)
  An orc (D:6)
  A goblin zombie (D:3)
  A jackal zombie (D:1)
9 creatures vanquished.

Grand Total: 333 creatures vanquished

Notes
Turn   | Place    | Note
-------+----------+-------------------------------------------
     0 | D:1      | ezpacito the Demonspawn Chaos Knight began the quest for
                  | the Orb.
     0 | D:1      | Reached XP level 1. HP: 18/18 MP: 1/1
    50 | D:1      | XOM: divination: detect creatures
    65 | D:1      | XOM: silly message
    67 | D:1      | Reached skill level 1 in Dodging
    90 | D:1      | Gained mutation: You may rarely emit foul miasma when
                  | damaged in melee. [demonic ancestry]
    90 | D:1      | Reached XP level 2. HP: 24/24 MP: 2/2
   124 | D:1      | XOM: 9-stop teleportation journey
   300 | D:1      | Gained mutation: Your movements are slightly less
                  | encumbered by armour. (ER -2) [demonic ancestry]
   300 | D:1      | Reached XP level 3. HP: 26/29 MP: 3/3
   533 | D:1      | XOM: 4-stop teleportation journey
   609 | D:1      | Reached skill level 1 in Stealth
  1005 | D:2      | Reached skill level 1 in Spellcasting
  1005 | D:2      | Gained mutation: You sometimes emit foul miasma when
                  | damaged in melee. [demonic ancestry]
  1005 | D:2      | Reached XP level 4. HP: 25/35 MP: 5/5
  1204 | D:2      | Identified the amulet of Suspicion {rPois Regen+}
  1378 | D:2      | XOM: god gift: translucent ivory ring {god gift}
  1378 | D:2      | Identified the ring of Jenisa {rC+ rCorr} (Xom gifted it to
                  | you on level 2 of the Dungeon)
  1379 | D:2      | XOM: divination: detect creatures
  1875 | D:3      | Found a glowing drain.
  1926 | D:3      | Identified the +1 helmet of Erusoalea {rCorr Str+4 Dex-4}
  1926 | D:3      | Noticed Robin
  1932 | D:3      | Noticed Ijyb
  1932 | D:3      | XOM: butterfly on damage
  1936 | D:3      | Killed Ijyb
  1937 | D:3      | Reached XP level 5. HP: 32/41 MP: 6/6
  1954 | D:3      | Killed Robin
  1991 | Sewer    | XOM: noise
  1991 | Sewer    | Entered a sewer
  1993 | Sewer    | Noticed Pargi
  2001 | Sewer    | Reached skill level 1 in Unarmed Combat
  2003 | Sewer    | XOM: potion effect (experience)
  2003 | Sewer    | Reached skill level 5 in Fighting
  2003 | Sewer    | Reached skill level 5 in Axes
  2003 | Sewer    | Gained mutation: A weak demonic guardian rushes to your
                  | aid. [demonic ancestry]
  2003 | Sewer    | Reached XP level 6. HP: 50/52 MP: 7/12
  2015 | Sewer    | Killed Pargi
  2016 | Sewer    | Reached XP level 7. HP: 53/57 MP: 8/13
  2106 | Sewer    | XOM: polymorph brain worm -> giant cockroach
  2316 | D:3      | Noticed Sigmund
  2334 | D:3      | Killed Sigmund
  2338 | D:3      | an orc changed into a shapeshifter
  2338 | D:3      | Noticed a shapeshifter (shapeshifter)
  2338 | D:3      | XOM: polymorph orc -> shapeshifter
  2338 | D:3      | a shapeshifter changed into a ball python
  2461 | D:3      | Found a shimmering blue altar of Sif Muna.
  2635 | D:4      | XOM: polymorph bat -> quokka
  2683 | D:4      | XOM: 7-stop teleportation journey
  2742 | D:4      | Reached skill level 5 in Armour
  2826 | D:4      | XOM: potion effect (brilliance)
  2995 | D:4      | Reached XP level 8. HP: 50/64 MP: 14/14
  3312 | D:4      | Reached skill level 5 in Dodging
  3345 | D:5      | Entered Level 5 of the Dungeon
  3363 | D:5      | Noticed a kobold demonologist
  3364 | D:5      | XOM: enchant monster (good)
  3368 | D:5      | XOM: divination: detect items
  3373 | D:5      | XOM: summons friendly iron imp
  3378 | D:5      | Killed a kobold demonologist
  3383 | D:5      | XOM: divination: detect creatures
  3517 | D:5      | Reached XP level 9. HP: 60/71 MP: 16/16
  3629 | D:5      | XOM: noise
  3970 | D:5      | Found a burning altar of Makhleb.
  4446 | D:6      | XOM: swap monsters
  4478 | D:6      | Learned a level 2 spell: Cigotuvi's Dreadful Rot
  4483 | D:6      | Learned a level 4 spell: Ignite Poison
  4489 | D:6      | Learned a level 5 spell: Freezing Cloud
  4635 | D:6      | Found a radiant altar of Vehumet.
  4860 | D:6      | Found an ancient bone altar of Kikubaaqudgha.
  5029 | D:6      | XOM: torment (37/71 hp)
  5061 | D:6      | XOM: cloud trail
  5157 | D:6      | XOM: silly message
  5237 | D:6      | XOM: silly message
  5238 | D:6      | XOM: silly message
  5336 | D:7      | Learned a level 2 spell: Ensorcelled Hibernation
  5340 | D:7      | Learned a level 3 spell: Fugue of the Fallen
  5446 | D:7      | XOM: silly message
  5448 | D:7      | XOM: silly message
  5460 | D:7      | XOM: potion effect (invisibility)
  5468 | D:7      | Reached skill level 5 in Spellcasting
  5524 | D:7      | Found an opulent altar of Gozag.
  5529 | D:7      | Found an ornate altar of the Wu Jian Council.
  5529 | D:7      | Found a basalt altar of Yredelemnul.
  5540 | D:7      | Found a blossoming altar of Fedhas.
  5543 | D:7      | Found a shadowy altar of Dithmenos.
  5637 | D:7      | Reached skill level 1 in Conjurations
  5657 | D:7      | XOM: draining
  5816 | D:7      | Found a sparkling altar of Nemelex Xobeh.
  5822 | D:7      | XOM: give mutations
  5822 | D:7      | Gained mutation: You are clumsy. (Dex -2) [Xom's mischief]
  5822 | D:7      | Gained mutation: Your spells are a little easier to cast,
                  | but a little less powerful. [Xom's mischief]
  5969 | D:7      | XOM: 2-stop teleportation journey
  6008 | D:7      | Paralysed by a hornet for 2 turns
  6019 | D:7      | Reached skill level 1 in Necromancy
  6054 | D:7      | XOM: give mutations
  6054 | D:7      | Gained mutation: You are frail. (-10% HP) [Xom's mischief]
  6054 | D:7      | Lost mutation: Your spells are a little easier to cast, but
                  | a little less powerful. [Xom's mischief]
  6062 | D:7      | Found a staircase to the Ecumenical Temple.
  6067 | D:7      | Lost mutation: You are clumsy. (Dex -2) [potion of
                  | mutation]
  6067 | D:7      | Lost mutation: You are frail. (-10% HP) [potion of
                  | mutation]
  6067 | D:7      | Gained mutation: You occasionally lose the ability to drink
                  | potions when taking damage. [potion of mutation]
  6067 | D:7      | Gained mutation: You have sharp toenails. [potion of
                  | mutation]
  6068 | D:7      | Lost mutation: You have sharp toenails. [potion of
                  | mutation]
  6068 | D:7      | Lost mutation: You occasionally lose the ability to drink
                  | potions when taking damage. [potion of mutation]
  6068 | D:7      | Gained mutation: You occasionally lose the ability to drink
                  | potions when taking damage. [potion of mutation]
  6068 | D:7      | Gained mutation: Your muscles are strong. (Str +4, Int/Dex
                  | -1) [potion of mutation]
  6095 | D:7      | XOM: summons 5 hostile demons
  6102 | D:7      | XOM: smoke on damage
  6110 | Temple   | XOM: stealth player
  6110 | Temple   | Entered the Ecumenical Temple
  6242 | D:7      | Noticed a cyclops
  6243 | D:7      | Noticed a troll
  6254 | D:7      | a troll changed into a komodo dragon
  6254 | D:7      | Noticed a komodo dragon
  6254 | D:7      | XOM: polymorph troll -> komodo dragon
  6262 | D:7      | Killed a komodo dragon
  6265 | D:7      | XOM: silly message
  6271 | D:7      | Killed an unseen horror
  6288 | D:7      | XOM: fake destruction
  6292 | D:7      | Killed a cyclops
  6293 | D:7      | Reached skill level 1 in Alchemy
  6293 | D:7      | Gained mutation: Your touch may inflict minor irresistible
                  | damage on your foes. [demonic ancestry]
  6293 | D:7      | Reached XP level 10. HP: 25/77 MP: 17/17
  6300 | D:7      | Reached skill level 1 in Hexes
  6301 | D:7      | Noticed a gargoyle
  6303 | D:7      | XOM: silly message
  6324 | D:7      | XOM: divination: detect items
  6335 | D:7      | Identified the ring of Lusegof {rElec rPois Will+ SInv}
  6363 | D:7      | Killed a gargoyle
  6389 | D:7      | XOM: 2-stop teleportation journey
  6500 | D:7      | Found a stormy altar of Qazlal.
  6636 | D:7      | Noticed a cyan ugly thing
  6641 | D:7      | XOM: potion effect (heal wounds)
  6642 | D:7      | XOM: divine lightning
  6644 | D:7      | Killed a cyan ugly thing
  6646 | D:7      | Noticed a cyclops
  6654 | D:7      | XOM: summons friendly soul eater
  6661 | D:7      | Killed a cyclops
  6675 | D:7      | Identified the staff of the Sage {rPois Dex+6 Alchemy}
  6798 | D:7      | XOM: god gift: 2 silver javelins
  6963 | D:8      | XOM: enchant monster (good)
  6971 | D:8      | Noticed an elephant
  6999 | D:8      | Killed an elephant
  7074 | D:8      | XOM: cast spell 'Olgreb's Toxic Radiance'
  7085 | D:8      | XOM: confuse monster(s)
  7097 | D:8      | XOM: 2-stop teleportation journey
  7106 | D:8      | Learned a level 4 spell: Anguish
  7275 | D:8      | Found a shimmering altar of Xom.
  7349 | D:8      | Found a snail-covered altar of Cheibriados.
  7387 | D:8      | Noticed Psyche
  7397 | D:8      | Killed Psyche
  7552 | D:8      | XOM: summons friendly white imp
  7569 | D:8      | Found a staircase to the Lair.
  7643 | D:9      | Reached XP level 11. HP: 75/81 MP: 19/19
  7647 | D:9      | Reached skill level 1 in Throwing
  7683 | D:9      | Noticed Erolcha
  7685 | D:9      | XOM: divination: detect items
  7692 | D:9      | Killed Erolcha
  7763 | D:9      | Found a broken altar of Ashenzari.
  7939 | D:9      | Noticed Jeremiah
  7939 | D:9      | XOM: enchant monster (bad)
  7948 | D:9      | Killed Jeremiah
  7995 | D:9      | XOM: divination: detect creatures
  7998 | D:9      | XOM: scenery: summon butterflies
  8078 | D:9      | Noticed Pikel
  8096 | D:9      | Pikel changed into Pikel the jelly
  8096 | D:9      | Noticed Pikel
  8096 | D:9      | XOM: polymorph Pikel -> Pikel the jelly
  8098 | D:9      | Killed Pikel the jelly
  8103 | D:9      | XOM: god gift: 16 gold pieces
  8207 | D:9      | XOM: cleaving
  8233 | D:9      | XOM: give mutation
  8233 | D:9      | Gained mutation: You expend magic power (3 MP) to
                  | strengthen your wands. [Xom's grace]
  8436 | D:10     | Entered Level 10 of the Dungeon
  8497 | D:10     | Noticed Urug
  8554 | D:10     | Killed Urug
  8614 | D:10     | XOM: smoke on damage
  8708 | D:10     | You fall into a shaft and drop 2 floors!
  8734 | D:12     | Noticed a two-headed ogre
  8821 | D:10     | XOM: fog
  8871 | D:10     | XOM: confuse monster(s)
  8938 | D:10     | Noticed Harold
  8962 | D:10     | Harold changed into Harold the shapeshifter
  8962 | D:10     | Noticed Harold
  8963 | D:10     | Killed Harold the shapeshifter
  9186 | D:11     | Reached skill level 5 in Evocations
  9197 | D:11     | Noticed a purple ugly thing
  9204 | D:11     | Killed a purple ugly thing
  9358 | D:11     | XOM: 1-stop teleportation journey
  9510 | D:11     | Found a staircase to the Orcish Mines.
  9511 | D:11     | XOM: give mutation
  9511 | D:11     | Gained mutation: Your muscles are very strong. (Str +8,
                  | Int/Dex -2) [Xom's grace]
  9896 | D:12     | Noticed Lodul
  9905 | D:12     | Killed Lodul
 10027 | D:12     | Noticed a two-headed ogre
 10031 | D:12     | Noticed a white ugly thing
 10033 | D:12     | Gained mutation: Your touch may inflict irresistible damage
                  | on your foes. [demonic ancestry]
 10033 | D:12     | Reached XP level 12. HP: 77/92 MP: 17/21
 10037 | D:12     | Mangled by a titanic slime creature

Illustrated notes

Levels and vault maps discovered:
D:1:      reono_arrival_mine, layout_basic
D:2:      layout_loops_corners, grunt_ministairs_1
D:3:      layout_rooms, lemuel_coloured_pillars_altar, portal_sewer_entry_f,
          corexii_hall_statues_deadend, minmay_unequal, uniq_ijyb, uniq_sigmund,
          uniq_robin
D:4:      black_bear_nest_2, layout_basic, roderic_batcave
D:5:      kennysheep_big_flooded_room, layout_basic, jmf_multi_god_temple2,
          nicolae_zen_rock_garden
D:6:      layout_basic, fiery_altar_vehumet, tgw_kikubaaqudgha, serial_rivers,
          chequers_serial_rivers_micro_e, chequers_serial_rivers_marsh,
          chequers_serial_rivers_large_a, chequers_serial_rivers_room_a
D:7:      nzn_winding_woodlands_stair_cross [nzn_winding_woodlands_5x15_default,
          nzn_winding_woodlands_center_lodge,
          nzn_winding_woodlands_5x15_lazy_stream,
          nzn_winding_woodlands_5x5_perimeter,
          nzn_winding_woodlands_5x5_open_star,
          nzn_winding_woodlands_5x15_jagged,
          nzn_winding_woodlands_center_triple_pond,
          nzn_winding_woodlands_5x15_pockets], layout_loops_corners,
          minmay_overflow_temple_star_hex, nemelex_spade_bored_becter,
          mainiacjoe_overflow_surrounded_room, nicolae_qazlal_style_of_elements,
          minmay_temple_entry_mini_moons
D:8:      layout_basic, led_xom_imps, slow_altar_1,
          grunt_lair_entry_orc_guard_hut, uniq_psyche
D:9:      layout_roguey, mainiacjoe_overflow_alcove_1, grunt_ministairs_5,
          uniq_erolcha, uniq_jeremiah, uniq_pikel
D:10:     layout_roguey, uniq_harold, uniq_urug
D:11:     layout_long_grid, orc_0_dummy
D:12:     minmay_the_grid_square_5x5_4x4_mashed
          [minmay_the_grid_square_5x5_forky,
          minmay_the_grid_square_5x5_beaten_path,
          minmay_the_grid_square_5x5_empty, minmay_the_grid_square_5x5_corner,
          minmay_the_grid_square_5x5_empty,
          minmay_the_grid_square_5x5_prize_snowflake,
          minmay_the_grid_square_5x5_prize_monsterx,
          minmay_the_grid_square_5x5_tri_point,
          minmay_the_grid_square_5x5_intrusive_squares,
          minmay_the_grid_square_5x5_prize_waves,
          minmay_the_grid_square_5x5_prize_itemx,
          minmay_the_grid_square_5x5_misaligned, minmay_the_grid_square_5x5_two,
          minmay_the_grid_square_5x5_two_walls_a,
          minmay_the_grid_square_5x5_tetrominoes,
          minmay_the_grid_square_5x5_comb], layout_basic, uniq_lodul
Temple:   nicolae_temple_ecumenical_triangle

Skill      XL: |  1  2  3  4  5  6  7  8  9 10 11 |
---------------+----------------------------------+-----
Dodging        | 1 4 5 6 |  6.7
Armour         | 2 4 5 6 |  6.8
Axes           | 3 5 6 7 |  7.2
Stealth        | 1 3 4 |  4.7
Spellcasting   | 1 4 5 6 |  6.4
Unarmed Combat | 2 3 4 |  4.3
Fighting       | 5 6 7 |  7.8
Polearms       | 2 3 4 |  4.2
Evocations     | 4 5 |  5.1
Conjurations   | 1 2 |  2.8
Necromancy     | 1 3 4 |  4.6
Alchemy        | 1 2 |  2.6
Hexes          | 1 2 |  2.9
Throwing       | 2 |  2.2

Action                     |  1- 3 |  4- 6 |  7- 9 | 10-12 || total
---------------------------+-------+-------+-------+-------++-------
  Melee: Hand axe          |    93 |   119 |   513 |   611 ||  1336
         Touch             |       |       |       |    45 ||    45
  Evoke: Wand              |       |       |       |     9 ||     9
    Use: Scroll            |       |     8 |     5 |    15 ||    28
         Potion            |       |       |     5 |     5 ||    10
   Stab: Paralysed         |     1 |     1 |     7 |     2 ||    11
         Petrified         |     1 |       |       |    14 ||    15
         Sleeping          |     1 |     1 |       |     1 ||     3
         Confused          |       |     1 |     6 |     8 ||    15
         Distracted        |       |       |     1 |     1 ||     2
         Invisible         |       |       |     3 |       ||     3
         Petrifying        |       |       |     1 |     1 ||     2
 Armour: Leather armour    |    58 |    98 |    33 |       ||   189
         Scale mail        |       |       |   148 |       ||   148
         Chain mail        |       |       |   280 |   222 ||   502
         Plate armour      |       |       |       |   304 ||   304
  Dodge: Dodged            |    74 |   114 |   322 |   270 ||   780
  Block: Buckler           |       |       |       |   134 ||   134

Table legend: (Time is in decaauts)
 A = Elapsed time spent in this place.
 B = Non-inter-level travel time spent in this place.
 C = Inter-level travel time spent in this place.
 D = Time resting spent in this place.
 E = Time spent auto-exploring this place.
 F = Levels seen in this place.
 G = Mean time per level.
                   A        B        C        D        E       F      G
               +--------+--------+--------+--------+--------+-----+--------+
         Total |  10099 |   9622 |    477 |    144 |   6771 |  14 |  721.4 |
       Dungeon |   9898 |   9421 |    477 |    144 |   6652 |  12 |  824.8 |
        Temple |      3 |      3 |      0 |      0 |      2 |   1 |    3.0 |
         Sewer |    196 |    196 |      0 |      0 |    117 |   1 |  196.0 |
               +--------+--------+--------+--------+--------+-----+--------+

Top non-repeatable levels by time:
     D:7: 1674 daAuts
     D:6: 1014 daAuts
     D:2: 914 daAuts
     D:5: 892 daAuts
     D:1: 891 daAuts
     D:4: 803 daAuts
     D:9: 798 daAuts
    D:11: 778 daAuts
     D:8: 680 daAuts
     D:3: 639 daAuts
    D:10: 613 daAuts
    D:12: 198 daAuts
   Sewer: 196 daAuts
  Temple: 3 daAuts
